 Dungeon Crawl Stone Soup version 0.19.5 (webtiles) character file.

949 senny the Skirmisher (level 8, -1/50 HPs)
             Began as a Gargoyle Berserker on Mar 21, 2017.
             Was an Elder of Trog.
             Slain by an ogre
             ... wielding a +0 giant spiked club
              (29 damage)
             ... on level 4 of the Dungeon.
             The game lasted 00:08:17 (4336 turns).

senny the Skirmisher (Gargoyle Berserker)           Turns: 4336, Time: 00:08:18

Health: -1/50      AC: 13    Str: 22    XL:     8   Next: 13%
Magic:  8/8        EV: 11    Int:  9    God:    Trog [****..]
Gold:   203        SH:  0    Dex:  9    Spells: 0 memorised, 7 levels left

rFire  . . .     SeeInvis .     b - +2 war axe (chop)
rCold  . . .     Gourm    .     s - +0 scale mail
rNeg   + . .     Faith    .     (no shield)
rPois  ∞         Spirit   .     m - +1 hat
rElec  +         Reflect  .     (no cloak)
rCorr  .         Harm     .     (no gloves)
MR     .....                    (no boots)
Stlth  +.........               (no amulet)
                                (no ring)
                                (no ring)

@: no status effects
A: negative energy resistance 1, electricity resistance, unbreathing,
petrification resistance, rot immunity, AC +5
a: Berserk, Trog's Hand, Brothers in Arms, Burn Spellbooks, Renounce Religion


You were on level 4 of the Dungeon.
You worshipped Trog.
Trog was greatly pleased with you.
You were not hungry.

You visited 1 branch of the dungeon, and saw 4 of its levels.

You collected 203 gold pieces.

Inventory:

Hand Weapons
 a - a +0 mace
 b - a +2 war axe of chopping (weapon)
Missiles
 o - 12 javelins (quivered)
Armour
 m - a +1 hat (worn)
 s - a +0 scale mail (worn)
Wands
 u - a wand of iceblast (10/15)
Scrolls
 d - 3 scrolls of teleportation {unknown}
 j - 3 scrolls of remove curse {unknown}
 k - a scroll of random uselessness {unknown}
 l - 2 scrolls of identify {unknown}
 n - 2 scrolls of amnesia {unknown}
 q - a scroll of blinking {unknown}
 r - a scroll of enchant weapon {unknown}
 t - a scroll of fear {unknown}
Potions
 e - 2 potions of flight {unknown}
 i - 2 potions of invisibility {unknown}
 p - 2 potions of curing {unknown}
Comestibles
 c - 3 bread rations
 f - 4 fruits
 g - 3 chunks of flesh
 h - 2 meat rations


   Skills:
 + Level 5.6 Fighting
 + Level 4.8 Maces & Flails
 + Level 5.0 Armour
 + Level 3.6 Dodging
 + Level 4.4 Stealth


You had 7 spell levels left.
You didn't know any spells.

Dungeon Overview and Level Annotations

Branches:
Dungeon (4/15)
 Temple: D:4-7

Altars:
Nemelex Xobeh
Ru
Sif Muna
Xom


Innate Abilities, Weirdness & Mutations

You are resistant to torment.
Your stone body is resilient. (AC +5)
You are immune to poison.
You resist negative energy. (rN+)
You are resistant to electric shocks. (rElec)
You can survive without breathing.
You are immune to petrification.
You are immune to rotting.


Message History

Things that are here:
a leather armour; an orc skeleton You feel less exhausted.
Some of the chunks of flesh in your inventory have rotted away.
d - 3 scrolls labeled FUCEUTABIO (gained 1)
Found a stone staircase leading down.
Some of the chunks of flesh in your inventory have rotted away.
You completely miss the butterfly.
An ogre comes into view. It is wielding a giant spiked club.
The ogre shouts!
An ogre is nearby!
The ogre barely misses you.
You hit the ogre.
The ogre is lightly wounded.
The ogre hits you with a giant spiked club!!
You hit the ogre.
The ogre is moderately wounded.
The ogre hits you with a giant spiked club!!
Ouch! That really hurt!
You die...

<...........#.###)####
..)#.#..###...#.......>#
..............#.###.##.#
#............#.# #.##.#
#..##.......##.###.##.#
#......................
#.......##.............
#.....O.##.###.........
#.....@....# #.######..
##.###.....##.# #.# #..
...........##.# #.# #..
#.###.....##.# #.# #..
#.........##.###.####
#..
#####...............#
#..
###..>.........##.###..
...........###.........
##.##..######.#..###..


You could see an ogre.

Vanquished Creatures
  Grinder (D:4)
  Sigmund (D:3)
  The ghost of dxctxrx the Twirler, an amateur DsGl (D:3)
  A howler monkey (D:4)
  3 orc wizards
  Natasha (thrice) (D:3)
  3 worker ants (D:4)
  A howler monkey zombie (D:3)
  A worker ant zombie (D:3)
  A howler monkey skeleton (D:3)
  5 adders
  An ooze (D:3)
  An adder zombie (D:3)
  An adder skeleton (D:4)
  3 worms (D:2)
  2 dart slugs
  2 leopard geckos
  17 orcs
  8 giant cockroaches
  9 goblins
  6 hobgoblins
  7 jackals (D:2)
  3 quokkas
  8 bats
  6 frilled lizards
  A giant cockroach zombie (D:3)
  A jackal zombie (D:3)
  8 kobolds
  A quokka skeleton (D:3)
  6 rats
112 creatures vanquished.

Vanquished Creatures (others)
  An orc wizard (D:3)
1 creature vanquished.

Grand Total: 113 creatures vanquished

Notes
Turn   | Place    | Note
-------+----------+-------------------------------------------
     0 | D:1      | senny the Gargoyle Berserker began the quest for the Orb.
     0 | D:1      | Reached XP level 1. HP: 14/14 MP: 1/1
   285 | D:1      | Reached skill level 1 in Stealth
   285 | D:1      | Reached XP level 2. HP: 2/19 MP: 2/2
  1001 | D:2      | Reached XP level 3. HP: 6/23 MP: 3/3
  1310 | D:2      | Reached ** piety under Trog
  1607 | D:2      | Reached XP level 4. HP: 12/29 MP: 4/4
  1931 | D:2      | Found a faded altar of an unknown god.
  2677 | D:3      | Reached *** piety under Trog
  2683 | D:3      | Found a sparkling altar of Nemelex Xobeh.
  2685 | D:3      | Found a sacrificial altar of Ru.
  2686 | D:3      | Found a deep blue altar of Sif Muna.
  2742 | D:3      | Noticed dxctxrx's ghost (amateur DsGl)
  2785 | D:3      | Killed dxctxrx's ghost
  2785 | D:3      | Reached XP level 5. HP: 34/34 MP: 5/5
  2787 | D:3      | Reached XP level 6. HP: 39/39 MP: 6/6
  3163 | D:3      | Noticed Natasha
  3168 | D:3      | Killed Natasha
  3254 | D:3      | Noticed Sigmund
  3275 | D:3      | Killed Sigmund
  3275 | D:3      | Reached skill level 5 in Fighting
  3275 | D:3      | Reached XP level 7. HP: 37/44 MP: 7/7
  3598 | D:3      | Noticed Natasha
  3604 | D:3      | Killed Natasha
  3614 | D:3      | Noticed Natasha
  3627 | D:3      | Killed Natasha
  4045 | D:4      | Reached **** piety under Trog
  4225 | D:4      | Found a shimmering altar of Xom.
  4258 | D:4      | Noticed Grinder
  4267 | D:4      | Killed Grinder
  4267 | D:4      | Reached XP level 8. HP: 45/50 MP: 8/8
  4270 | D:4      | Reached skill level 5 in Armour
  4336 | D:4      | Slain by an ogre

Skill      XL: |  1  2  3  4  5  6  7  8 |
---------------+-------------------------+-----
Stealth        | 1 2 3 4 |  4.4
Dodging        | 2 3 |  3.6
Fighting       | 4 5 |  5.6
Armour         | 3 4 5 |  5.0
Maces & Flails | 4 |  4.8

Action                   |  1- 3 |  4- 6 |  7- 9 || total
-------------------------+-------+-------+-------++-------
Melee: Mace              |   140 |   107 |       ||   247
       War axe           |       |    94 |    68 ||   162
       Broad axe         |       |       |    47 ||    47
Invok: Berserk           |       |     2 |     1 ||     3
       Trog's Hand       |       |     2 |       ||     2
 Stab: Sleeping          |     4 |       |       ||     4
  Eat: Chunk             |     2 |     8 |     5 ||    15
Armor: Animal skin       |    59 |   115 |       ||   174
       Scale mail        |       |    21 |    78 ||    99
Dodge: Dodged            |   113 |   178 |    92 ||   383
